 Dungeon Crawl Stone Soup version 0.17-a0-1719-g1afd5a1 (webtiles) character file.

116 Grim the Conjurer (level 4, 0/24 HPs)
             Began as a Deep Elf Conjurer on Aug 28, 2015.
             Killed by nerve-wracking pain
             ... invoked by an orc priest
              (13 damage)
             ... on level 3 of the Dungeon.
             The game lasted 00:12:33 (3194 turns).

Grim the Conjurer (Deep Elf Conjurer)               Turns: 3194, Time: 00:12:34

Health: 0/24       AC:  2    Str:  5    XL:     4   Next: 70%
Magic:  6/10       EV: 13    Int: 21    God:
Gold:   160        SH:  0    Dex: 15    Spells: 2 memorised, 6 levels left

rFire  . . .     SeeInvis .     n - +0 quarterstaff
rCold  . . .     Clarity  .     a - +0 robe
rNeg   . . .     SustAt   .     (no shield)
rPois  .         Gourm    .     (no helmet)
rElec  .         Spirit   .     (no cloak)
rCorr  .         Warding  .     (no gloves)
rMut   .         Stasis   .     (no boots)
MR     .....                    (no amulet)
Stlth  ++........               (no ring)
                                (no ring)

@: not resistant to hostile enchantments, unstealthy
A: no striking features
a: no special abilities


You were on level 3 of the Dungeon.
You were not hungry.

You visited 1 branch of the dungeon, and saw 3 of its levels.

You collected 160 gold pieces.

Inventory:

Hand weapons
 n - a +0 quarterstaff (weapon)
Armour
 a - a +0 robe (worn)
Scrolls
 j - a scroll of fog {unknown}
 k - 2 scrolls of remove curse {unknown}
 l - a scroll of amnesia {unknown}
 m - a scroll of enchant weapon {unknown}
Potions
 d - a potion of agility
 e - 2 potions of heal wounds
 g - 2 potions of curing
 i - a potion of brilliance
 o - a potion of flight {unknown}
 p - a potion of poison {unknown}
Books
 b - a book of Conjurations

   Spells                             Type                      Level
   a - Magic Dart                     Conjuration                  1
   b - Searing Ray                    Conjuration                  2
   c - Dazzling Spray                 Conjuration/Hexes            3
   d - Fulminant Prism                Conjuration/Hexes            4
   e - Iskenderun's Mystic Blast      Conjuration                  4
   f - Iskenderun's Battlesphere      Conjuration/Charms           5
Comestibles
 c - 2 bread rations
 f - 2 slices of pizza
 h - 2 fruits
 q - 5 chunks of flesh


   Skills:
 - Level 2.4 Dodging
 - Level 2.4 Stealth
 - Level 3.0 Spellcasting
 + Level 6.7 Conjurations


You had 6 spell levels left.
You knew the following spells:

 Your Spells              Type           Power        Failure   Level  Hunger
a - Magic Dart            Conj           ####         1%          1    None
b - Searing Ray           Conj           ####..       1%          2    ##.....


Dungeon Overview and Level Annotations

Branches:
Dungeon (3/15)

Altars:
Ashenzari
Cheibriados
Fedhas
Makhleb


Message History

Press: ? - help, Shift-Dir - straight line, f - orc priest
Aim: an orc priest, wielding a whip (hasn't noticed you)
The magic dart hits the orc priest.
The orc priest is lightly wounded.
The orc priest shouts!
The orc priest mumbles some strange prayers to Beogh against you.
Something smites you!
* * * LOW HITPOINT WARNING * * *
A goblin comes into view.
Casting: Magic Dart
Confirm with . or Enter, or press ? or * to list all spells.
Aiming: Magic Dart
Press: ? - help, Shift-Dir - straight line, f - goblin
Aim: a goblin The magic dart hits the goblin.
You kill the goblin!
The orc priest mumbles some strange prayers to Beogh against you.
Pain shoots through your body!
Ouch! That really hurt!
You die...

#.# #############.#
#...........#.#
#.#########.#.# #.#
##.#.######
#.########..........
#.........>.........
###########...#.######
#.†(.@........#.#
#.########o...#.#
#....#.# #....#.######
#....#.#.....
#o...#.#.#### #....#
#.#..# )....# #.#..#
.....# #.#..#


You could see an orc priest.

Vanquished Creatures
  4 adders
  2 oozes
  A worm (D:3)
  An orc (D:3)
  2 ball pythons
  9 bats
  2 giant cockroaches (D:1)
  11 hobgoblins
  4 jackals (D:3)
  7 kobolds
  2 quokkas
  A giant gecko (D:3)
  6 giant newts
  8 goblins
  6 rats
66 creatures vanquished.

Notes
Turn   | Place    | Note
--------------------------------------------------------------
     0 | D:1      | Grim the Deep Elf Conjurer began the quest for the Orb.
     0 | D:1      | Reached XP level 1. HP: 10/10 MP: 6/6
   233 | D:1      | Reached XP level 2. HP: 10/15 MP: 2/8
   334 | D:1      | Reached skill level 5 in Conjurations
  1131 | D:2      | Reached XP level 3. HP: 16/19 MP: 4/9
  1222 | D:2      | Found a burning altar of Makhleb.
  1473 | D:2      | Learned a level 2 spell: Searing Ray
  1723 | D:2      | Reached skill level 6 in Conjurations
  1774 | D:2      | Found a blossoming altar of Fedhas.
  1780 | D:2      | Reached XP level 4. HP: 18/24 MP: 6/10
  3049 | D:3      | Found a shattered altar of Ashenzari.
  3049 | D:3      | Found a snail-covered altar of Cheibriados.
  3194 | D:3      | Killed from afar by an orc priest

Vault maps used:
D:1:      roderic_crossed_star, minmay_misc_feat_cross
D:2:      nicolae_overflow_hidden_temple, grunt_ministairs_9, fedhas_altar_3
D:3:      gammafunk_temple_overflow_wave, minmay_misc_feat_columns

Action                   |  1- 3 |  4- 6 || total
-------------------------+-------+-------++-------
Melee: Unarmed           |    13 |       ||    13
       Quarterstaff      |       |     4 ||     4
 Cast: Magic Dart        |    69 |    62 ||   131
       Searing Ray       |       |     1 ||     1
  Use: Scroll            |       |     4 ||     4
  Eat: Chunk             |     2 |     5 ||     7
